 Dungeon Crawl Stone Soup version 0.29-a0-362-g5854e031c7 (webtiles) character file.

Game seed: 5771710282459153412

84846 ptdevnull the Impaler (level 15, -12/132 HPs)
             Began as a Merfolk Gladiator on Apr 29, 2022.
             Was the Champion of the Shining One.
             Killed from afar by a hell hog (34 damage)
             ... with a fireball
             ... on level 1 of the Abyss.
             The game lasted 01:05:08 (24953 turns).

ptdevnull the Impaler (Merfolk Gladiator)          Turns: 24953, Time: 01:05:08

Health: -12/132    AC: 17    Str: 15    XL:     15   Next: 81%
Magic:  13/13      EV: 31    Int:  7    God:    the Shining One [******]
Gold:   1895       SH: 21    Dex: 31    Spells: 10/14 levels left

rFire   . . .      SeeInvis +   r - +11 trident of the Reaper {holy, rPois}
rCold   . . .      Faith    .   X - +0 kite shield
rNeg    + + +      Spirit   .   h - +0 acid dragon scales
rPois   +          Reflect  +   O - +0 helmet {SInv}
rElec   +          Harm     .   x - +0 cloak {Will+}
rCorr   +          Rampage  ∞   a - +0 pair of gloves {Dex+3}
Will    ++...                   T - +3 pair of seven-league boots {Rampage+∞}
Stlth   +.........              k - amulet of reflection
HPRegen 0.32/turn               f - +4 ring of evasion
MPRegen 0.13/turn               t - ring "Itiank" {rElec MP-9 AC+4 Dex+5}

@: about to teleport, glowing, studying 2 skills
A: (nimble swimmer 2), mertail
a: Renounce Religion, Divine Shield, Cleansing Flame, Summon Divine Warrior,
Brand Weapon With Holy Wrath


You were on level 1 of the Abyss.
You worshipped the Shining One.
The Shining One was exalted by your worship.
You visited 4 branches of the dungeon, and saw 20 of its levels.
You visited the Abyss 1 time.
You also visited: Bailey, Gauntlet and Ice Cave.

You collected 2039 gold pieces.
You spent 144 gold pieces at shops.

Inventory:

Hand Weapons
 r - the +11 trident of the Reaper (weapon) {holy, rPois}
   (You found it on level 2 of the Dungeon)

   It has been blessed by the Shining One to cause great damage to the undead
   and demons.
   rPois:     It protects you from poison.
Missiles
 d - 2 throwing nets (quivered)
 n - 2 silver javelins
Armour
 a - a +0 pair of gloves of dexterity (worn)
 h - +0 acid dragon scales (worn)
 x - a +0 cloak of willpower (worn)
 N - a +1 pair of boots of flying
 O - a +0 helmet of see invisible (worn)
 T - the +3 pair of seven-league boots (worn) {Rampage+∞}
   (You found it on level 3 of the Lair of Beasts)

   Its wearer moves as far as possible in that direction when moving towards
   enemies.
 V - a +3 leather armour of poison resistance
 X - a +0 kite shield (worn)
Jewellery
 f - a +4 ring of evasion (left hand)
 j - a ring of ice
 k - an amulet of reflection (around neck)
 m - a ring of magical power
 t - the ring "Itiank" (right hand) {rElec MP-9 AC+4 Dex+5}
   (You found it in a Gauntlet)

   [ring of protection]

   AC:        It affects your AC (+4).
   Dex:       It affects your dexterity (+5).
   rElec:     It insulates you from electricity.
   MP:        It affects your magic capacity (-9).
 v - the ring "Egeimposa" {Fire rElec Will- MP+9 Int+5}
   (You found it in a Gauntlet)

   [ring of fire]

   It enhances your fire magic.
   Int:       It affects your intelligence (+5).
   rF:        It protects you from fire.
   rC:        It makes you vulnerable to cold.
   rElec:     It insulates you from electricity.
   MP:        It affects your magic capacity (+9).
   Will:      It decreases your willpower.
 y - the ring of Loenah {Ice Str+7}
   (You found it on level 3 of the Dungeon)

   [ring of ice]

   It enhances your ice magic.
   Str:       It affects your strength (+7).
   rF:        It makes you vulnerable to fire.
   rC:        It protects you from cold.
Wands
 D - a wand of digging (7)
 W - a wand of paralysis (9)
Scrolls
 c - 2 scrolls of immolation
 g - a scroll of identify
 o - 9 scrolls of blinking
 s - 6 scrolls of teleportation
 u - 5 scrolls of magic mapping
 w - 8 scrolls of vulnerability
 C - a scroll of fear
 I - 5 scrolls of enchant armour
 J - 2 scrolls of torment
 L - 3 scrolls of summoning
 U - a scroll of holy word {unknown}
 Y - 4 scrolls of enchant weapon
 Z - 3 scrolls of amnesia
Potions
 e - 2 potions of magic {unknown}
 i - 8 potions of heal wounds
 l - 11 potions of curing
 p - 9 potions of flight
 q - 3 potions of attraction
 z - 6 potions of mutation
 A - 2 potions of brilliance
 G - 4 potions of might
 K - 3 potions of lignification
 M - 5 potions of ambrosia
 P - 2 potions of resistance
 S - 3 potions of cancellation
Miscellaneous
 b - a phantom mirror
 R - a piece from Xom's chessboard (15/15)


   Skills:
 + Level 16.4 Fighting
 * Level 19.7 Polearms
 - Level 2.2 Throwing
 - Level 15.0 Dodging
 + Level 11.9 Shields
 - Level 7.0 Summonings
 - Level 10.0 Invocations


You had 10 spell levels left.
You knew the following spells:

 Your Spells              Type           Power      Damage    Failure   Level
a - Summon Small Mammal   Summ           36%        N/A       8%          1
b - Call Canine Familiar  Summ           9%         N/A       22%         3

Your spell library contained the following spells:

 Spells                   Type           Power      Damage    Failure   Level
 Summon Guardian Golem    Hex/Summ       4%         N/A       67%         3
 Beastly Appendage        Tmut           0%         N/A       80%         1
 Sting                    Tmut/Pois      0%         1d3       80%         1
 Corpse Rot               Necr/Air       0%         N/A       90%         2
 Poisonous Vapours        Pois/Air       0%         N/A       90%         2
 Static Discharge         Conj/Air       0%         N/A       90%         2
 Sublimation of Blood     Necr           0%         N/A       90%         2
 Wereblood                Tmut           0%         N/A       90%         2
 Confusing Touch          Hex            0%         N/A       99%         3
 Dazzling Flash           Conj/Hex       0%         N/A       99%         3
 Gell's Gravitas          Tloc           0%         N/A       99%         3
 Ignite Poison            Fire/Tmut/Pois 0%         N/A       99%         3
 Inner Flame              Hex/Fire       0%         N/A       99%         3
 Lesser Beckoning         Tloc           0%         N/A       99%         3
 Teleport Other           Tloc           0%         N/A       99%         3
 Cause Fear               Hex            0%         N/A       100%        4
 Dispel Undead            Necr           0%         3d6       100%        4
 Iskenderun's Mystic Bla  Conj/Tloc      0%         2d3       100%        4
 Leda's Liquefaction      Hex/Erth       0%         N/A       100%        4
 Olgreb's Toxic Radiance  Pois           0%         N/A       100%        4
 Petrify                  Tmut/Erth      0%         N/A       100%        4
 Sticky Flame             Conj/Fire      0%         2d3       100%        4
 Freezing Cloud           Conj/Ice/Air   0%         6-21      100%        5
 Irradiate                Conj/Tmut      0%         3d13      100%        5
 Lee's Rapid Deconstruct  Erth           0%         3d5*      100%        5
 Yara's Violent Unravell  Hex/Tmut       0%         3d3       100%        5
 Simulacrum               Ice/Necr       0%         N/A       100%        6
 Starburst                Conj/Fire      0%         6d3       100%        6
 Statue Form              Tmut/Erth      0%         N/A       100%        6
 Dragon Form              Tmut           0%         N/A       100%        7
 Enfeeble                 Hex            0%         N/A       100%        7
 Ozocubu's Refrigeration  Ice            0%         4d5       100%        7
 Storm Form               Tmut/Air       0%         N/A       100%        7
 Summon Hydra             Summ           4%         N/A       100%        7
 Discord                  Hex            0%         N/A       100%        8
 Ignition                 Fire           0%         3d3       100%        8
 Polar Vortex             Ice            0%         N/A       100%        9


Dungeon Overview and Level Annotations

Branches:
Dungeon (11/15)            Temple (1/1) D:6            Lair (6/6) D:9
  Swamp (0/4) Lair:3       Spider (0/4) Lair:3        Slime (0/5) Lair:6
    Orc (2/2) D:11            Elf (0/3) Orc:2        Bailey (visited)
  IceCv (visited)         Gauntlet (visited)

Altars:
Ashenzari
Cheibriados
Dithmenos
Elyvilon
Fedhas
Gozag
Hepliaklqana
Kikubaaqudgha
Makhleb
Nemelex Xobeh
Okawaru
Qazlal
Ru
Sif Muna
Trog
Uskayaw
Vehumet
Wu Jian
Xom
Yredelemnul
Zin
The Shining One
Beogh
Jiyva

Shops:
D:6 ?   Orc:2 **(=

Portals:
Pandemonium: Orc:2

Annotations:
D:10 exclusion: ice statue
Lair:6 exclusion: obsidian statue
Orc:2 Erolcha


Innate Abilities, Weirdness & Mutations

((You are very nimble when in or above water. (Stealth+, EV+, Speed+++)))
Your lower body shifts to a powerful aquatic tail in water.


Message History

You hit the red very ugly thing.
The red very ugly thing is almost dead.
You block the red very ugly thing's attack.
You block the hell hog's attack.
You puncture the red very ugly thing!
The red very ugly thing is almost dead.
You block the iron imp's attack.
You block the red very ugly thing's attack.
The hell hog breathes fire at you.
The fireball explodes!
The fireball engulfs you!!
The fireball engulfs the hell hog.
The hell hog completely resists.
The fireball engulfs the red very ugly thing!
The red very ugly thing resists.
The red very ugly thing dies!
The fireball engulfs the iron imp.
The iron imp completely resists.
You are too injured to fight recklessly!
You are too injured to fight recklessly!
You are too injured to fight recklessly!
You are too injured to fight recklessly!
You hit the hell hog but do no damage. The hell hog barely misses you.
You hit the hell hog.
The hell hog convulses.
The hell hog is lightly wounded.
You block the iron imp's attack. The hell hog breathes fire at you.
The fireball explodes!
The fireball engulfs you!!!
* * * LOW HITPOINT WARNING * * *
The fireball engulfs the hell hog.
The hell hog completely resists.
The fireball engulfs the iron imp.
The iron imp completely resists.
As you read the scroll of teleportation, it crumbles to dust.
You feel strangely unstable.
You feel the power of the Abyss delaying your translocation!
You block the hell hog's attack.
A tentacled starspawn comes into view.
You block the iron imp's attack.
A wretched star comes into view.
You block the hell hog's attack. The hell hog attacks as you move away!
You block the hell hog's attack. The hell hog breathes fire at you.
The fireball explodes!
The fireball engulfs you!!
You die...

.. #. .. ....... #
.#..##. ....... #.
# ....##.....##
.#.. ...#...#..#
.#..#####........#
# ....##..5.......
##.##..#h.###....#
.........### ..#
...*...##@.# '
#.#..#.##...'....
..#...# #.#.#....
........#..## #'#
...###.....# #
##........## .# .
#... # # ##..#.


You could see a hell hog (catching breath).

Vanquished Creatures
  A tentacled starspawn (Abyss:1)
  Donald (Orc:2)
  An orc warlord (Orc:1)
  Josephine (Lair:4)
  3 boulder beetles
  10 hydras
  3 demonspawn (Orc:2)
  5 two-headed ogres
  3 death yaks (Lair:5)
  A tengu warrior (Gauntlet)
  5 orc high priests
  A soul eater (Orc:2)
  Nergalle (D:10)
  A spatial maelstrom (Abyss:1)
  A spectral anaconda (Lair:6)
  2 spectral death yaks (Lair:6)
  A lindwurm (Lair:3)
  3 necromancers (Lair:6)
  8 orc sorcerers
  An oklob plant (Gauntlet)
  6 orc knights
  A manticore (D:11)
  4 cyclopes
  A torpor snail (Lair:6)
  An ice statue (IceCv)
  A guardian serpent (Lair:3)
  A rust devil (Abyss:1)
  Joseph (D:10)
  7 black mambas
  11 elephants
  Maurice (D:10)
  A smoke demon (Abyss:1)
  6 gargoyles
  20 cane toads
  An unseen horror (D:11)
  3 rime drakes
  11 komodo dragons
  A hellwing (Orc:2)
  A tengu conjurer (Gauntlet)
  An entropy weaver simulacrum (IceCv)
  2 ice devils (Orc:2)
  A freezing wraith (IceCv)
  A harpy zombie (Abyss:1)
  A queen bee (Lair:2)
  An ancient zyme (Abyss:1)
  A polar bear (Lair:3)
  A troll (D:10)
  A hornet (D:9)
  2 slime creatures (D:8)
  A spectral elephant (Lair:6)
  21 blink frogs
  A shadow (D:11)
  4 wyverns
  2 culicivoras (Lair:3)
  Grum (D:10)
  2 ynoxinuls (Abyss:1)
  33 yaks
  4 wraiths
  2 basilisks
  A chaos spawn (Abyss:1)
  A small abomination (Abyss:1)
  4 death yak simulacra
  2 spatial vortices (Abyss:1)
  2 vampire mosquitoes (D:11)
  A redback (Lair:3)
  A swamp worm (Lair:3)
  A harpy simulacrum (IceCv)
  2 acid dragons
  8 water moccasins
  39 orc warriors
  A sky beast (D:5)
  4 black bears
  13 wolves
  5 centaurs
  7 ogres
  An elephant skeleton (Lair:6)
  4 necrophages
  14 bullfrogs
  2 cane toad simulacra
  A gnoll sergeant (D:7)
  4 scorpions
  12 wights
  7 two-headed ogre simulacra (IceCv)
  6 elephant simulacra
  24 killer bees
  3 howler monkeys
  4 electric eels
  5 hounds
  3 jellies
  29 orc priests
  A gnoll shaman (D:7)
  An iron imp (D:10)
  2 iguanas (D:5)
  13 orc wizards
  8 spriggan simulacra (IceCv)
  8 troll simulacra (IceCv)
  A polar bear simulacrum (IceCv)
  Robin (D:2)
  12 gnolls
  5 adders
  3 naga simulacra (IceCv)
  8 river rats
  A shadow imp (D:8)
  19 white imps
  6 ufetubi
  A worm (D:5)
  A dart slug (D:2)
  65 orcs
  5 ball pythons
  4 endoplasms
  2 giant cockroaches
  21 goblins
  16 hobgoblins
  4 jackals (D:1)
  3 quokkas (D:1)
  3 bats
  6 frilled lizards
  23 kobolds
  21 rats
  A butterfly (D:9)
  A lurking horror (Abyss:1)
692 creatures vanquished.

Vanquished Creatures (collateral kills)
  2 reapers
  A minotaur (Gauntlet)
  2 hydras (Lair:3)
  A death yak (Lair:5)
  A rime drake (Lair:4)
  A hellwing (Gauntlet)
  A tyrant leech (Lair:3)
  A ynoxinul (Abyss:1)
  2 wraiths (Lair:4)
  A dire elephant simulacrum (IceCv)
  A harpy simulacrum (IceCv)
  2 swamp worms (Lair:3)
  2 orc warriors (Orc:2)
  A black bear (Lair:4)
  A cane toad simulacrum (IceCv)
  An orc priest (Orc:2)
  A quasit (Abyss:1)
  A shadow imp (Gauntlet)
  A white imp (IceCv)
  A starspawn tentacle (Abyss:1)
25 creatures vanquished.

Vanquished Creatures (others)
  A very ugly thing (Abyss:1)
  An orc priest (Orc:2)
  An orc wizard (Orc:1)
  An orc (Orc:1)
  24 fungi
  63 plants
  7 starspawn tentacles (Abyss:1)
  40 withered plants
138 creatures vanquished.

Grand Total: 855 creatures vanquished

Notes
Turn   | Place    | Note
-------+----------+-------------------------------------------
     0 | D:1      | ptdevnull the Merfolk Gladiator began the quest for the
                  | Orb.
     0 | D:1      | Reached XP level 1. HP: 16/16 MP: 1/1
   156 | D:1      | Reached XP level 2. HP: 18/23 MP: 2/2
   368 | D:1      | Found a faded altar of an unknown god.
   501 | D:1      | Reached XP level 3. HP: 21/28 MP: 3/3
   815 | D:1      | Reached skill level 5 in Polearms
  1625 | D:2      | Identified the +11 trident of the Reaper {holy, rPois}
  1717 | D:2      | Reached XP level 4. HP: 34/34 MP: 4/4
  1753 | D:2      | Noticed Robin
  1770 | D:2      | Killed Robin
  2267 | D:3      | Reached skill level 6 in Polearms
  2267 | D:3      | Reached XP level 5. HP: 38/41 MP: 5/5
  2476 | D:3      | Identified the ring of Loenah {Ice Str+7}
  2631 | D:3      | Reached skill level 5 in Dodging
  2732 | D:3      | Found the +1 Delatra's gloves {ID++}
  2833 | D:4      | Noticed an ogre
  2841 | D:4      | Killed an ogre
  2842 | D:4      | Reached XP level 6. HP: 24/48 MP: 6/6
  3039 | D:4      | Reached skill level 7 in Polearms
  3348 | D:4      | Found a shimmering blue altar of Sif Muna.
  3450 | D:4      | Reached skill level 8 in Polearms
  3450 | D:4      | Reached XP level 7. HP: 55/55 MP: 7/7
  3539 | D:4      | Found a blossoming altar of Fedhas.
  3594 | D:5      | Entered Level 5 of the Dungeon
  3862 | D:5      | Reached skill level 5 in Fighting
  3912 | D:5      | Learned a level 1 spell: Summon Small Mammal
  3916 | D:5      | Learned a level 3 spell: Call Canine Familiar
  3930 | D:5      | Found a radiant altar of Vehumet.
  4203 | D:5      | Reached skill level 9 in Polearms
  4203 | D:5      | Reached XP level 8. HP: 57/62 MP: 8/8
  4788 | D:6      | Reached skill level 10 in Polearms
  4989 | D:6      | Reached skill level 11 in Polearms
  4992 | D:6      | Reached XP level 9. HP: 69/70 MP: 9/9
  5225 | D:6      | Found Zaiblith's Magic Scroll Shoppe.
  5231 | D:6      | Bought a scroll of identify for 24 gold pieces
  5231 | D:6      | Bought 3 scrolls of identify for 72 gold pieces
  5231 | D:6      | Bought a scroll of identify for 24 gold pieces
  5231 | D:6      | Bought a scroll of identify for 24 gold pieces
  5425 | D:6      | Found a staircase to the Ecumenical Temple.
  5431 | Temple   | Entered the Ecumenical Temple
  5529 | Temple   | Became a worshipper of the Shining One
  5936 | D:7      | Found a flagged portal.
  5936 | D:7      | Noticed a two-headed ogre
  6034 | D:7      | Killed a two-headed ogre
  6035 | D:7      | Reached skill level 12 in Polearms
  6195 | Bailey   | Entered a bailey
  6354 | Bailey   | Reached skill level 13 in Polearms
  6366 | Bailey   | Reached XP level 10. HP: 61/80 MP: 10/10
  6381 | Bailey   | Reached * piety under the Shining One
  6573 | Bailey   | Reached skill level 10 in Dodging
  7559 | D:8      | Noticed a two-headed ogre
  7562 | D:8      | Reached skill level 14 in Polearms
  7571 | D:8      | Killed a two-headed ogre
  7804 | D:8      | Noticed a gargoyle
  7814 | D:8      | Killed a gargoyle
  8043 | D:8      | Found a stormy altar of Qazlal.
  8417 | D:9      | Noticed a two-headed ogre
  8434 | D:9      | Killed a two-headed ogre
  8435 | D:9      | Reached skill level 10 in Fighting
  8435 | D:9      | Reached skill level 1 in Summonings
  8438 | D:9      | Reached XP level 11. HP: 83/90 MP: 11/11
  8515 | D:9      | Reached ** piety under the Shining One
  8610 | D:9      | Found a staircase to the Lair.
  8630 | D:9      | Found a burning altar of Makhleb.
  8654 | D:9      | Reached skill level 1 in Invocations
  8763 | D:9      | Found a shimmering altar of Xom.
  9197 | D:10     | Entered Level 10 of the Dungeon
  9246 | D:10     | Found a glowing silver altar of Zin.
  9256 | D:10     | Noticed Joseph
  9405 | D:10     | Killed Joseph
  9474 | D:10     | Noticed Grum
  9484 | D:10     | Killed Grum
  9485 | D:10     | Reached skill level 5 in Summonings
  9561 | D:10     | Reached skill level 5 in Invocations
  9673 | D:10     | Found a snail-covered altar of Cheibriados.
  9835 | D:10     | Found an opulent altar of Gozag.
 10081 | D:10     | Noticed Maurice
 10090 | D:10     | Killed Maurice
 10141 | D:10     | Noticed a cyclops
 10142 | D:10     | Noticed Nergalle
 10147 | D:10     | Killed a cyclops
 10156 | D:10     | Killed Nergalle
 10160 | D:10     | Found an iron altar of Okawaru.
 10487 | Lair:1   | Entered Level 1 of the Lair of Beasts
 10521 | Lair:1   | Reached *** piety under the Shining One
 10522 | Lair:1   | Found a frozen archway.
 10551 | IceCv    | Entered an ice cave
 10554 | IceCv    | Reached **** piety under the Shining One
 10669 | IceCv    | Reached XP level 12. HP: 97/97 MP: 17/17
 10673 | IceCv    | Reached ***** piety under the Shining One
 11226 | IceCv    | Noticed a reaper
 11248 | IceCv    | Killed a reaper
 11980 | Lair:1   | Reached skill level 10 in Invocations
 12031 | Lair:1   | Noticed a seven-headed hydra
 12038 | Lair:1   | Killed a seven-headed hydra
 12039 | Lair:1   | Reached skill level 1 in Shields
 12938 | Lair:1   | Noticed a five-headed hydra
 12948 | Lair:1   | Killed a five-headed hydra
 13369 | Lair:2   | Noticed a seven-headed hydra
 13377 | Lair:2   | Killed a seven-headed hydra
 13547 | Lair:2   | Reached XP level 13. HP: 105/105 MP: 20/20
 13857 | Lair:2   | Reached skill level 15 in Polearms
 14422 | Lair:3   | Reached skill level 5 in Shields
 15142 | Lair:3   | Found a hole to the Spider Nest.
 15153 | Lair:3   | Reached ****** piety under the Shining One
 16013 | Lair:3   | Found a staircase to the Swamp.
 16159 | Lair:3   | Reached skill level 16 in Polearms
 16558 | Lair:3   | Found the +3 pair of seven-league boots {Rampage+∞}
 16674 | Lair:4   | Noticed Josephine
 16686 | Lair:4   | Killed Josephine
 17105 | Lair:4   | Reached XP level 14. HP: 107/116 MP: 21/21
 17946 | Lair:5   | Reached skill level 15 in Dodging
 18181 | Lair:5   | Found a gate leading to a gauntlet.
 18190 | Gauntlet | Entered a Gauntlet
 18190 | Gauntlet | Found a transporter.
 18190 | Gauntlet | Found a runed translucent door.
 18190 | Gauntlet | Found a transporter.
 18190 | Gauntlet | Found a transporter.
 18190 | Gauntlet | Found a runed translucent door.
 18245 | Gauntlet | Found a transporter.
 18248 | Gauntlet | Found a transporter.
 18256 | Gauntlet | Found a transporter.
 18259 | Gauntlet | Found a transporter.
 18263 | Gauntlet | Found a runed translucent door.
 18263 | Gauntlet | Found a runed translucent door.
 18267 | Gauntlet | Found a transporter.
 18285 | Gauntlet | Found a transporter.
 18285 | Gauntlet | Noticed a reaper
 18290 | Gauntlet | Found a transporter.
 18293 | Gauntlet | Found a transporter.
 18303 | Gauntlet | Found a transporter.
 18657 | Gauntlet | Identified the ring "Itiank" {rElec MP-9 AC+4 Dex+5}
 18911 | Gauntlet | Killed a reaper
 18925 | Gauntlet | Identified the ring "Egeimposa" {Fire rElec Will- MP+9
                  | Int+5}
 19053 | Gauntlet | Identified the +5 rapier of the Eggplant {pain, rPois}
 19053 | Gauntlet | Found the +5 robe of Misfortune {Harm *Corrode *Slow EV+5}
 19061 | Gauntlet | Reached skill level 17 in Polearms
 19067 | Gauntlet | Got the Disquisition on Shape Shifting
 19069 | Gauntlet | Identified the +1 cloak "Natras Fuil" {rN+}
 19930 | Lair:5   | Identified the -4 hat "Vehaatif" {Contam rPois rN++ MP+9}
 20142 | Lair:6   | Entered Level 6 of the Lair of Beasts
 20605 | Lair:6   | Found a staircase to the Slime Pits.
 20902 | Lair:6   | Reached XP level 15. HP: 127/127 MP: 13/22
 20910 | Lair:6   | Reached skill level 18 in Polearms
 21039 | Lair:6   | Reached skill level 15 in Fighting
 21399 | Lair:6   | Found a viscous altar of Jiyva.
 21694 | D:11     | Reached skill level 10 in Shields
 21733 | D:11     | Identified 2 scrolls of acquirement
 21735 | D:11     | Acquired a manual of Shields
 21737 | D:11     | Acquired a manual of Fighting
 21810 | D:11     | Found a staircase to the Orcish Mines.
 22405 | Orc:1    | Entered Level 1 of the Orcish Mines
 22452 | Orc:1    | Noticed an orc warlord
 22481 | Orc:1    | Killed an orc warlord
 23095 | Orc:2    | Entered Level 2 of the Orcish Mines
 23138 | Orc:2    | Noticed Donald
 23154 | Orc:2    | Killed Donald
 23465 | Orc:2    | Found Oghuecu's General Store.
 23465 | Orc:2    | Found Gaeneshu's General Store.
 23665 | Orc:2    | Reached skill level 19 in Polearms
 24048 | Orc:2    | Found Powiddeng's Antique Weapon Boutique.
 24048 | Orc:2    | Found a one-way gate leading to the halls of Pandemonium.
 24048 | Orc:2    | Found Egeufi's Jewellery Shop.
 24186 | Orc:2    | Found a staircase to the Elven Halls.
 24387 | Orc:2    | Noticed Erolcha
 24388 | Orc:2    | Cast into level 1 of the Abyss (Erolcha)
 24388 | Abyss:1  | Found a corrupted altar of Lugonu.
 24803 | Abyss:1  | Noticed a tentacled starspawn
 24848 | Abyss:1  | Killed a tentacled starspawn
 24950 | Abyss:1  | Noticed a tentacled starspawn
 24953 | Abyss:1  | Killed from afar by a hell hog

Illustrated notes

Levels and vault maps discovered:
D:1:      dpeg_arrival_morbid_curiosity, layout_basic,
          dreamdust_ecumenical_altar_grove, hangedman_glass_teeth,
          grunt_decor_junction, minmay_stone_trees_medium
D:2:      layout_basic, minmay_misc_feat_five, minmay_distorted, uniq_robin
D:3:      layout_rooms, st_stairs_6, pf_guarded_unrand_delatra
D:4:      layout_cave_pools, fedhas_altar_fruit_tree, led_sif_pool
D:5:      layout_basic, lemuel_doored_altar
D:6:      layout_basic, minmay_temple_entry_fiery, serial_shops,
          nicolae_shop_temple_entry_statues_fountains
D:7:      layout_rooms, enter_bailey_7, minivault_14
D:8:      layout_basic, nicolae_qazlal_eye_of_the_storm, dk_rats_in_the_wall
D:9:      cheibrodos_statue_roulette, layout_long_grid,
          mainiacjoe_overflow_brackets, xom_butterflies, dpeg_oklobed_lair,
          minmay_crystal_room
D:10:     layout_long_grid, mainiacjoe_overflow_tiny_flanked,
          lemuel_crystal_altar, marbit_many_paths, slow_altar_1, minivault_15,
          uniq_grum, uniq_nergalle, uniq_joseph, uniq_maurice
D:11:     layout_roguey, hiddenorc1_lemuel
Temple:   hc_temple_tempest_star
Lair:1:   wander_river, layout_cellular_growth, portal_ice_cave_entry_imps,
          grunt_megastairs_2
Lair:2:   layout_roguey [special_room_bee], grunt_forest_small_clearing_treed,
          grunt_megastairs_5, lemuel_fruit_fields, infiniplex_staircase_pool_2
Lair:3:   layout_regular_city, palyth_hydra_swamp_entry,
          spider_nest_entry_funnel_web, minmay_holes,
          hellmonk_guarded_unrand_seven_league_boots
Lair:4:   layout_regular_city, uniq_josephine
Lair:5:   layout_roguey, gauntlet_entry_generic, minivault_24,
          nicolae_lair_grazing_beasts [nicolae_sub_lair_graze_edge,
          nicolae_sub_lair_graze_edge, nicolae_sub_lair_graze_edge,
          nicolae_sub_lair_graze_edge], serial_bayou_shore_a
Lair:6:   due_jungle_book, layout_regular_city, slime_altar_1, serial_rivers,
          chequers_serial_rivers_small_3, chequers_serial_rivers_micro_b,
          chequers_serial_rivers_room_b, chequers_serial_rivers_room_b,
          chequers_serial_rivers_small_a
Orc:1:    orc_temple, layout_caves
Orc:2:    pf_orc_diabolical, layout_caves, uniq_donald, uniq_erolcha
Abyss:1:  base: Lair:2, evilmike_abyss_exit_7

Skill      XL: |  1  2  3  4  5  6  7  8  9 10 11 12 13 14 15 |
---------------+----------------------------------------------+-----
Polearms       | 5 6 8 9 11 13 14 16 17 19 | 19.7
Fighting       | 3 4 5 6 7 10 12 14 16 | 16.4
Dodging        | 5 6 8 9 12 13 14 15 | 15.0
Summonings     | 1 7 |  7.0
Invocations    | 7 10 | 10.0
Shields        | 3 6 9 11 | 11.9
Throwing       | |  2.2

Action                   |  1- 3 |  4- 6 |  7- 9 | 10-12 | 13-15 || total
-------------------------+-------+-------+-------+-------+-------++-------
Melee: Trident           |   132 |    93 |   203 |   560 |  1346 ||  2334
       Punch             |     1 |       |     3 |       |       ||     4
       Tailslap          |       |       |       |       |     3 ||     3
Throw: Throwing net      |       |       |     3 |       |       ||     3
 Cast: Call Canine Famil |       |       |       |     3 |       ||     3
Invok: Summon Divine War |       |       |       |     1 |     6 ||     7
       Divine Shield     |       |       |       |     1 |     1 ||     2
       Cleansing Flame   |       |       |       |       |     9 ||     9
Evoke: Wand              |       |       |       |     4 |     1 ||     5
  Use: Scroll            |       |       |    10 |     9 |    13 ||    32
       Potion            |       |       |       |       |     2 ||     2
 Stab: Distracted        |     1 |       |       |       |       ||     1
       Sleeping          |       |       |     3 |       |       ||     3
Armor: Leather armour    |    26 |     7 |     9 |    52 |   108 ||   202
       Acid dragon scale |       |       |       |       |    12 ||    12
Dodge: Dodged            |    67 |    20 |    68 |   217 |   655 ||  1027
Block: Other             |     7 |    13 |    19 |    16 |       ||    55
       Reflection        |       |     1 |     3 |    12 |     9 ||    25
       Kite shield       |       |       |       |   155 |   999 ||  1154
       Buckler           |       |       |       |    22 |       ||    22

Table legend: (Time is in decaauts)
 A = Elapsed time spent in this place.
 B = Non-inter-level travel time spent in this place.
 C = Inter-level travel time spent in this place.
 D = Time resting spent in this place.
 E = Time spent auto-exploring this place.
 F = Levels seen in this place.
 G = Mean time per level.
                   A        B        C        D        E       F      G
               +--------+--------+--------+--------+--------+-----+--------+
         Total |  24278 |  23167 |   1111 |   4873 |  14122 |  24 | 1011.6 |
       Dungeon |  10677 |   9976 |    701 |   1321 |   6897 |  11 |  970.6 |
        Temple |     83 |     83 |      0 |      0 |     54 |   1 |   83.0 |
          Lair |   8684 |   8310 |    374 |   1595 |   5452 |   6 | 1447.3 |
  Orcish Mines |   1886 |   1851 |     35 |    688 |    757 |   2 |  943.0 |
         Abyss |    542 |    542 |      0 |     78 |    320 |   1 |  542.0 |
        Bailey |    499 |    499 |      0 |    173 |    154 |   1 |  499.0 |
      Ice Cave |   1024 |   1024 |      0 |    518 |    289 |   1 | 1024.0 |
      Gauntlet |    880 |    880 |      0 |    500 |    198 |   1 |  880.0 |
               +--------+--------+--------+--------+--------+-----+--------+

Top non-repeatable levels by time:
  Lair:3: 2377 daAuts
  Lair:1: 1586 daAuts
     D:1: 1379 daAuts
  Lair:5: 1300 daAuts
  Lair:6: 1267 daAuts
     D:9: 1257 daAuts
  Lair:4: 1257 daAuts
   Orc:2: 1240 daAuts
    D:10: 1181 daAuts
     D:8: 1095 daAuts
     D:5: 1055 daAuts
   IceCv: 1024 daAuts
     D:7: 944 daAuts
  Lair:2: 895 daAuts
Gauntlet: 880 daAuts
